 Dungeon Crawl Stone Soup version 0.30-a0-913-g9934a0ce24 (webtiles) character file.

Game seed: 10667860131328031477

739 billz999 the Skirmisher (level 7, -1/56 HPs)
             Began as a Gnoll Hunter on Mar 20, 2023.
             Succumbed to a water moccasin's poison
             ... on level 4 of the Dungeon.
             The game lasted 00:06:21 (3825 turns).

billz999 the Skirmisher (Gnoll Hunter)              Turns: 3825, Time: 00:06:22

Health: -1/56      AC:  3    Str: 11    XL:     7   Next: 75%
Magic:  11/11      EV: 14    Int: 10    God:
Gold:   229        SH:  0    Dex: 15    Spells: 11/11 levels left

rFire   . . .      SeeInvis .    a - +0 shortbow
rCold   . . .      Faith    .    (shield currently unavailable)
rNeg    . . .      Spirit   .    c - +0 leather armour
rPois   .          Reflect  .    (no helmet)
rElec   .          Rampage  .    (no cloak)
rCorr   .                        (no gloves)
Will    .....                    (no boots)
Stlth   ++                       (no amulet)
HPRegen 0.29/turn                (no ring)
MPRegen 0.12/turn                (no ring)

@: mighty, lethally poisoned (-1 -> -33)
A: fangs 1, strong nose, distributed training
a: no special abilities


You were on level 4 of the Dungeon.
You visited 1 branch of the dungeon, and saw 5 of its levels.

You collected 229 gold pieces.

Inventory:

Hand Weapons
 a - a +0 shortbow (weapon)
 g - a +1 dagger of venom
Missiles
 m - 3 throwing nets
Armour
 c - a +0 leather armour (worn)
Magical Staves
 o - a staff of air
Jewellery
 t - a ring of flight
Wands
 w - a wand of polymorph (4)
 y - a wand of digging (6)
Scrolls
 b - 2 scrolls of immolation
 d - 2 scrolls of vulnerability
 f - a scroll of amnesia
 l - a scroll of identify
 n - a scroll of noise {unknown}
 p - a scroll of enchant armour {unknown}
 q - a scroll of blinking {unknown}
 u - a scroll of enchant weapon {unknown}
 v - a scroll of fear {unknown}
 x - a scroll of acquirement {unknown}
Potions
 e - a potion of flight
 j - a potion of might
 k - a potion of attraction {unknown}
 r - a potion of brilliance {unknown}
 s - 2 potions of berserk rage {unknown}


   Skills:
 + Level 5.4 Fighting
 + Level 2.8 Short Blades
 + Level 2.8 Long Blades
 + Level 2.8 Axes
 + Level 2.8 Maces & Flails
 + Level 2.8 Polearms
 + Level 2.8 Staves
 + Level 9.0 Ranged Weapons
 + Level 2.8 Throwing
 + Level 2.8 Armour
 + Level 5.4 Dodging
 + Level 3.7 Stealth
 + Level 2.8 Shields
 + Level 2.8 Unarmed Combat
 + Level 2.8 Spellcasting
 + Level 2.2 Conjurations
 + Level 2.2 Hexes
 + Level 2.2 Summonings
 + Level 2.2 Necromancy
 + Level 2.2 Translocations
 + Level 2.2 Transmutations
 + Level 2.2 Fire Magic
 + Level 2.2 Ice Magic
 + Level 2.2 Air Magic
 + Level 2.2 Earth Magic
 + Level 2.2 Poison Magic
 + Level 3.1 Invocations
 + Level 2.8 Evocations


You had 11 spell levels left.
You didn't know any spells.
Your spell library was empty.

Dungeon Overview and Level Annotations

Branches:
Dungeon (5/15)
 Temple: D:4-7

Altars:
Xom

Shops:
D:1 (

Annotations:
D:5 Prince Ribbit


Innate Abilities, Weirdness & Mutations

You have very sharp teeth.
Your uncanny sense of smell can sniff out nearby items.
Your experience applies equally to all skills.


Message History

You shoot an arrow. The arrow hits the orc!
You kill the orc!
The water moccasin closely misses you. The orc closely misses you.
The water moccasin attacks as you move away!
The water moccasin barely misses you. The orc hits you but does no damage.
The water moccasin bites you.
You are poisoned.
The water moccasin poisons you!
Things that are here:
a +0 short sword; an orc corpse The water moccasin attacks as you move away!
The water moccasin closely misses you.
You feel very sick. The orc hits you but does no damage.
The water moccasin attacks as you move away!
The water moccasin closely misses you.
You feel very sick. The orc attacks as you move away!
The orc barely misses you.
You feel sick. The water moccasin bites you.
You feel sick.
It was a potion of might.
You feel very mighty all of a sudden.
You feel sick. The water moccasin bites you. x2
You shoot an arrow. The arrow hits the water moccasin.
The water moccasin is moderately wounded.
You feel sick. The water moccasin bites you.
You are lethally poisoned!
The water moccasin poisons you!
You shoot an arrow. The arrow hits the water moccasin!
The water moccasin is heavily wounded.
* * * LOW HITPOINT WARNING * * *
You feel very sick.
The water moccasin bites you but does no damage.
The water moccasin bites you!
* * * LOW HITPOINT WARNING * * *
You are more poisoned.
The water moccasin poisons you!
You shoot an arrow. The arrow hits the water moccasin!
The water moccasin is severely wounded.
You die...

.# .# ###############
.#####.............##
...................>#
.#####.#...(######.)#
.#####......# #..#
...........### ###..#
..........)..# #.So.#
.........###.# #@##.#
.........# #.# #.##.#####
.........# #.# #........#
.........# #.# ####.###.#
#####)######.######.###.#
#.# #..♣#.P...#.#.# #.#
#.P~~.~~.~~...#
#.#####.~~P~~.~~~P..#
#####....##.~~~≈≈~~~~~P.#


You could see a water moccasin and an orc.

Vanquished Creatures
  Sigmund (D:4)
  Menkaure (D:5)
  A water moccasin (D:5)
  2 ogres
  A jelly (D:4)
  Ijyb (D:4)
  5 adders
  An ufetubus (D:4)
  2 worms
  3 dart slugs
  4 orcs
  11 endoplasms
  2 giant cockroaches (D:1)
  6 hobgoblins
  4 kobolds
  2 quokkas
  9 ball pythons
  4 bats
  A frilled lizard (D:1)
  7 goblins
  7 rats
75 creatures vanquished.

Vanquished Creatures (others)
  6 plants (D:4)
6 creatures vanquished.

Grand Total: 81 creatures vanquished

Notes
Turn   | Place    | Note
-------+----------+-------------------------------------------
     0 | D:1      | billz999 the Gnoll Hunter began the quest for the Orb.
     0 | D:1      | Reached XP level 1. HP: 20/20 MP: 1/1
   103 | D:1      | Reached XP level 2. HP: 26/26 MP: 2/2
   117 | D:1      | Found Zeigin's Antique Weapon Emporium.
   614 | D:2      | Found a shimmering altar of Xom.
   702 | D:2      | Reached XP level 3. HP: 31/31 MP: 3/3
   928 | D:2      | Reached skill level 1 in Invocations
   962 | D:2      | Reached skill level 1 in Short Blades
   962 | D:2      | Reached skill level 1 in Long Blades
   962 | D:2      | Reached skill level 1 in Axes
   962 | D:2      | Reached skill level 1 in Maces & Flails
   962 | D:2      | Reached skill level 1 in Polearms
   962 | D:2      | Reached skill level 1 in Staves
   962 | D:2      | Reached skill level 1 in Throwing
   962 | D:2      | Reached skill level 1 in Armour
   962 | D:2      | Reached skill level 1 in Shields
   962 | D:2      | Reached skill level 1 in Unarmed Combat
   962 | D:2      | Reached skill level 1 in Spellcasting
   962 | D:2      | Reached skill level 1 in Evocations
  1466 | D:2      | Reached XP level 4. HP: 38/38 MP: 5/5
  1634 | D:3      | Reached skill level 1 in Conjurations
  1634 | D:3      | Reached skill level 1 in Hexes
  1634 | D:3      | Reached skill level 1 in Summonings
  1634 | D:3      | Reached skill level 1 in Necromancy
  1634 | D:3      | Reached skill level 1 in Translocations
  1634 | D:3      | Reached skill level 1 in Transmutations
  1634 | D:3      | Reached skill level 1 in Fire Magic
  1634 | D:3      | Reached skill level 1 in Ice Magic
  1634 | D:3      | Reached skill level 1 in Air Magic
  1634 | D:3      | Reached skill level 1 in Earth Magic
  1634 | D:3      | Reached skill level 1 in Poison Magic
  2290 | D:4      | Noticed Ijyb
  2326 | D:4      | Killed Ijyb
  2327 | D:4      | Reached XP level 5. HP: 37/43 MP: 5/7
  2504 | D:4      | Noticed Sigmund
  2520 | D:4      | Killed Sigmund
  2521 | D:4      | Reached skill level 5 in Fighting
  2521 | D:4      | Reached skill level 5 in Dodging
  2521 | D:4      | Reached XP level 6. HP: 37/51 MP: 7/9
  3133 | D:5      | Entered Level 5 of the Dungeon
  3133 | D:5      | Noticed a water moccasin
  3150 | D:5      | Killed a water moccasin
  3151 | D:5      | Reached XP level 7. HP: 17/56 MP: 10/10
  3308 | D:5      | Noticed Menkaure
  3311 | D:5      | Noticed Prince Ribbit
  3314 | D:5      | Killed Menkaure
  3343 | D:4      | HP: 2/56 [poisoned by an adder]
  3344 | D:4      | Reached skill level 9 in Ranged Weapons
  3825 | D:4      | Succumbed to a water moccasin's poison

Illustrated notes

Levels and vault maps discovered:
D:1:      dpeg_arrival_lava_altar, layout_loops_ring, serial_shops,
          nicolae_shop_statue_plus
D:2:      layout_basic, basic_altar
D:3:      layout_rooms
D:4:      layout_basic, serial_bayou, serial_bayou_pond_e, serial_bayou_pond_c,
          serial_bayou_shore_b, serial_bayou_pond_b, uniq_ijyb, uniq_sigmund
D:5:      layout_cave_pools, nicolae_tso_besieged_by_evil,
          minmay_misc_feat_rugged, uniq_prince_ribbit1, uniq_menkaure

Skill      XL: |  1  2  3  4  5  6  7 |
---------------+----------------------+-----
Invocations    | 1 2 3 |  3.1
Short Blades   | 1 2 |  2.8
Long Blades    | 1 2 |  2.8
Axes           | 1 2 |  2.8
Maces & Flails | 1 2 |  2.8
Polearms       | 1 2 |  2.8
Staves         | 1 2 |  2.8
Throwing       | 1 2 |  2.8
Armour         | 1 2 |  2.8
Shields        | 1 2 |  2.8
Unarmed Combat | 1 2 |  2.8
Spellcasting   | 1 2 |  2.8
Evocations     | 1 2 |  2.8
Conjurations   | 1 2 |  2.2
Hexes          | 1 2 |  2.2
Summonings     | 1 2 |  2.2
Necromancy     | 1 2 |  2.2
Translocations | 1 2 |  2.2
Transmutations | 1 2 |  2.2
Fire Magic     | 1 2 |  2.2
Ice Magic      | 1 2 |  2.2
Air Magic      | 1 2 |  2.2
Earth Magic    | 1 2 |  2.2
Poison Magic   | 1 2 |  2.2
Fighting       | 5 |  5.4
Dodging        | 5 |  5.4
Stealth        | 3 |  3.7
Ranged Weapons | 9 |  9.0

Action                     |  1- 3 |  4- 6 |  7- 9 || total
---------------------------+-------+-------+-------++-------
  Melee: Unarmed           |       |    21 |       ||    21
   Fire: Shortbow          |    95 |   127 |    34 ||   256
  Evoke: Wand              |       |       |     1 ||     1
    Use: Scroll            |     1 |       |     2 ||     3
         Potion            |       |     2 |     2 ||     4
 Armour: Leather armour    |     3 |     8 |    10 ||    21
         Skin              |       |     6 |       ||     6
  Dodge: Dodged            |    18 |    42 |    44 ||   104

Table legend: (Time is in decaauts)
 A = Elapsed time spent in this place.
 B = Non-inter-level travel time spent in this place.
 C = Inter-level travel time spent in this place.
 D = Time resting spent in this place.
 E = Time spent auto-exploring this place.
 F = Levels seen in this place.
 G = Mean time per level.
                   A        B        C        D        E       F      G
               +--------+--------+--------+--------+--------+-----+--------+
         Total |   3861 |   3663 |    198 |    434 |   2683 |   5 |  772.2 |
       Dungeon |   3861 |   3663 |    198 |    434 |   2683 |   5 |  772.2 |
               +--------+--------+--------+--------+--------+-----+--------+

Top non-repeatable levels by time:
     D:4: 1341 daAuts
     D:2: 964 daAuts
     D:3: 718 daAuts
     D:1: 604 daAuts
     D:5: 232 daAuts
